Map: Ulrena

Players

XY

  • Race: Terran Terran
  • League: Platinum

Elazer - Winner!

  • Race: Zerg Zerg

Event: DreamHack Open Tours WCS Spring Championship

VOD

Have the link to the VOD?

Description

Time

  • Played on: May 14, 2016, 1:59 p.m.
  • Length: 5:20

All games in this series

Show
View Real Time Build Order
Export as new Build Order

XY Terran 

Build Orders: Reaper Expand 

Get SALT Encoding   

  12  0:00  SCV  
  13  0:13  SCV  
  14  0:17  Supply Depot  
  14  0:25  SCV  
  15  0:39  SCV  
  15  0:40  Barracks  
  16  0:45  Refinery  
  16  0:51  SCV  
  17  1:03  SCV  
  18  1:15  SCV  
  19  1:27  Orbital Command  
  19  1:28  Reaper  
  20  1:43  Command Center  
  20  1:53  SCV  
  21  1:57  Supply Depot  
  21  2:00  Barracks Reactor  
  21  2:05  SCV  
  22  2:17  SCV  
  23  2:22  Factory  
  23  2:29  SCV  
  24  2:32  Refinery  
  24  2:37  Marine  
  24  2:39  Marine  
  24  2:41  SCV  
  27  2:54  SCV  
  27  2:55  Marine  
  27  2:57  Marine, Orbital Command  
  30  3:05  Bunker  
  30  3:06  SCV  
  30  3:07  Starport  
  30  3:08  Factory Tech Lab  
  31  3:13  Marine  
  31  3:14  Marine  
  31  3:18  SCV  
  35  3:32  Supply Depot, Siege Tank  
  38  3:38  Bunker  
  37  3:41  Marine x2  
  38  3:50  SCV  
  39  3:59  Marine x2  
  39  4:02  SCV  
  38  4:04  Siege Tank  
  26  4:17  Marine x2  
  26  4:21  SCV  
  22  4:27  SCV  
  18  4:45  SCV, Orbital Command  
  19  4:46  Marine  
  20  4:58  SCV  
Show
View Real Time Build Order
Export as new Build Order

Elazer Zerg - Winner!

Build Orders: Hatch First 

Get SALT Encoding   

  12  0:00  Drone  
  13  0:12  Overlord  
  13  0:17  Drone  
  14  0:31  Drone x2  
  16  0:36  Drone  
  17  0:52  Hatchery  
  17  0:55  Drone  
  17  0:58  Drone  
  18  1:08  Extractor  
  17  1:12  Spawning Pool  
  17  1:16  Drone  
  17  1:19  Drone  
  18  1:28  Drone  
  19  1:40  Overlord  
  19  1:59  Queen  
  19  2:01  Zergling x4  
  23  2:04  Queen  
  25  2:12  Zergling x2  
  25  2:14  Metabolic Boost  
  26  2:19  Drone x2  
  28  2:23  Drone  
  28  2:25  Drone  
  30  2:37  Drone  
  30  2:39  Queen  
  33  2:44  Overlord  
  33  2:46  Pneumatized Carapace  
  32  2:52  Evolution Chamber  
  32  2:56  Zergling x6  
  34  3:01  Zergling x2  
  35  3:10  Zergling x8  
  39  3:14  Zergling x4  
  41  3:25  Zergling x6  
  44  3:33  Overlord  
  44  4:00  Zergling x16  
  46  4:13  Queen x2, Zergling x6  
  46  4:17  Zergling x4  
  46  4:25  Zergling x6  
  46  4:33  Zergling x4  
  46  4:40  Zergling x4  

Tags
 
Add a new tag
Caveats
  • Supply blocks, unpowered buildings, or Contaminate may cause inaccurate times.
  • Supply counts are checked every 10 seconds.